 Dungeon Crawl Stone Soup version 0.19-a0-905-ge5e6a15 (webtiles) character file.

184 incide the Sneak (level 5, 0/31 HPs)
             Began as a High Elf Wanderer on July 5, 2016.
             Slain by an ogre
             ... wielding a +0 giant club
              (15 damage)
             ... on level 4 of the Dungeon.
             The game lasted 00:12:41 (3848 turns).

incide the Sneak (High Elf Wanderer)                Turns: 3848, Time: 00:12:42

Health: 0/31       AC:  3    Str: 10    XL:     5   Next: 36%
Magic:  10/11      EV: 11    Int: 17    God:
Gold:   82         SH:  0    Dex: 15    Spells: 4 memorised, 4 levels left

rFire  . . .     SeeInvis .     t - +0 dagger (freeze)
rCold  . . .     Gourm    .     d - +0 robe
rNeg   . . .     Faith    .     (no shield)
rPois  .         Spirit   .     (no helmet)
rElec  .         Dismiss  .     s - +0 cloak
rCorr  .         Reflect  .     (no gloves)
SustAt .         Harm     .     (no boots)
MR     .....                    (no amulet)
Stlth  +++.......               (no ring)
                                (no ring)

@: not resistant to hostile enchantments, fairly stealthy
A: no striking features
a: no special abilities


You were on level 4 of the Dungeon.
You were not hungry.

You visited 1 branch of the dungeon, and saw 4 of its levels.

You collected 82 gold pieces.

Inventory:

Hand Weapons
 e - a +0 dagger
 k - a +1 dagger of pain
 t - a +0 dagger of freezing (weapon)
Missiles
 n - a throwing net (quivered)
Armour
 d - a +0 robe (worn)
 s - a +0 cloak (worn)
Jewellery
 l - a cursed -2 ring of dexterity {unknown}
Scrolls
 h - a scroll of teleportation {unknown}
 r - a scroll of remove curse {unknown}
 u - a scroll of enchant weapon {unknown}
Potions
 g - a potion of curing
 i - 2 potions of mutation {unknown}
 m - a potion of haste {unknown}
 o - 2 potions of cure mutation {unknown}
 p - a potion of berserk rage {unknown}
 q - a potion of flight {unknown}
Books
 a - a book of Minor Magic

   Spells                             Type                      Level
   a - Magic Dart                     Conjuration                  1
   b - Blink                          Translocation                2
   c - Call Imp                       Summoning                    2
   d - Repel Missiles                 Charms/Air                   2
   e - Slow                           Hexes                        2
   f - Conjure Flame                  Conjuration/Fire             3
   g - Mephitic Cloud                 Conjuration/Poison/Air       3
 b - the Reference Book on the Snowflakes

   Spells                             Type                      Level
   a - Throw Frost                    Conjuration/Ice              2
   b - Ensorcelled Hibernation        Hexes/Ice                    2
 c - the Papyrus of the Compass

   Spells                             Type                      Level
   a - Apportation                    Translocation                1
   b - Gell's Gravitas                Hexes/Translocation          3
 w - a book of Alchemy

   Spells                             Type                      Level
   a - Sublimation of Blood           Necromancy                   2
   b - Ignite Poison                  Fire/Transmutation/Poison    3
   c - Petrify                        Transmutation/Earth          4
   d - Alistair's Intoxication        Transmutation/Poison         5
   e - Irradiate                      Conjuration/Transmutation    5
Comestibles
 f - 2 bread rations
 j - a meat ration
 v - 2 chunks of flesh {@w1}


   Skills:
 * Level 1.0 Short Blades
 + Level 3.8 Stealth
 - Level 3.3 Spellcasting
 - Level 2.1 Conjurations
 * Level 3.2 Hexes
 - Level 3.2 Translocations
   Level 1.0 Fire Magic
   Level 1.0 Evocations


You had 4 spell levels left.
You knew the following spells:

 Your Spells              Type           Power        Failure   Level  Hunger
a - Magic Dart            Conj           ##..         10%         1    None
b - Apportation           Tloc           ##........   4%          1    None
c - Ensorcelled Hibernat  Hex/Ice        #.....       17%         2    ##.....
d - Blink                 Tloc           N/A          10%         2    ##.....


Dungeon Overview and Level Annotations

Branches:
Dungeon (4/15)
 Temple: D:4-7

Altars:
Gozag

Annotations:
D:3 needs dig


Message History

Eat one of 3 chunks of flesh {@w1}? (ye/n/q)
You start eating one of the 3 chunks of flesh {@w1}.
You continue eating. x2
You finish eating.
This raw flesh tastes terrible.
You start resting.
HP restored.
You see here an orc corpse.
An ogre comes into view. It is wielding a giant club.
Found a bread ration.
Casting: Ensorcelled Hibernation
Confirm with . or Enter, or press ? or * to list all spells.
Aiming: Ensorcelled Hibernation
Press: ? - help, Shift-Dir - straight line, f - ogre
Aim: an ogre, wielding a giant club (chance to defeat MR: 39%)
The ogre resists with some effort.
The ogre hits you with a giant club!!
Ouch! That really hurt!
There is a stone staircase leading up here.
An orc comes into view.
The ogre hits you with a giant club!
You die...

o.... #.... .....
... ...... ... ...#.
#.# .. ###...####.#
#.# ........##.####
...# ..............#
%...#
######.###.O.##....#
#...†..@#.....#
####<......$..#
##...##...$# #...#
...# ##### ###


You could see an ogre.

Vanquished Creatures
  An orc wizard (D:3)
  Ijyb (D:3)
  An iguana (D:4)
  4 adders
  A worm (D:2)
  2 giant geckos
  4 orcs
  7 goblins
  6 hobgoblins
  4 jackals (D:2)
  A quokka (D:3)
  2 ball pythons (D:2)
  8 bats
  5 giant newts
  8 kobolds
  9 rats
64 creatures vanquished.

Notes
Turn   | Place    | Note
-------+----------+-------------------------------------------
     0 | D:1      | incide the High Elf Wanderer began the quest for the Orb.
     0 | D:1      | incide set off with: a book of Minor Magic, the Reference Book on the Snowflakes, the Papyrus of the Compass, a +0 robe, a +0 dagger, a bread ration
     0 | D:1      | Reached XP level 1. HP: 11/11 MP: 4/4
     0 | D:1      | Identified the Reference Book on the Snowflakes
     0 | D:1      | Identified the Papyrus of the Compass
     2 | D:1      | Learned a level 1 spell: Magic Dart
     4 | D:1      | Learned a level 1 spell: Apportation
   233 | D:1      | Reached skill level 3 in Spellcasting
   382 | D:1      | Reached XP level 2. HP: 16/17 MP: 4/7
   387 | D:1      | Learned a level 2 spell: Ensorcelled Hibernation
   390 | D:1      | Learned a level 2 spell: Blink
   538 | D:1      | Reached skill level 1 in Hexes
  1170 | D:2      | HP: 3/17 [worm (11)]
  1520 | D:2      | Reached XP level 3. HP: 14/21 MP: 0/8
  1986 | D:2      | Reached skill level 2 in Stealth
  1986 | D:2      | Reached skill level 2 in Hexes
  2410 | D:3      | Noticed Ijyb
  2463 | D:3      | HP: 4/21 [Ijyb/dagger (1)]
  2467 | D:3      | Killed Ijyb
  2467 | D:3      | Reached XP level 4. HP: 13/27 MP: 0/10
  2705 | D:3      | Found an opulent altar of Gozag.
  2811 | D:3      | Noticed a phantom
  2973 | D:3      | Reached skill level 3 in Stealth
  2987 | D:3      | HP: 2/27 [orc/morningstar (5)]
  3483 | D:3      | Reached XP level 5. HP: 31/31 MP: 6/11
  3599 | D:3      | Reached skill level 3 in Hexes
  3685 | D:4      | Reached skill level 1 in Short Blades
  3833 | D:4      | Noticed an ogre
  3848 | D:4      | Slain by an ogre

Vault maps used:
D:1:      kennysheep_arrival_forest, kennysheep_small_spiral
D:2:      serial_forest, infiniplex_forest_clump_medium,
          infiniplex_forest_straight_5, infiniplex_forest_clump_tiny,
          infiniplex_forest_clump_long, infiniplex_forest_straight_3,
          infiniplex_forest_lined_2, corexii_corridor_pit
D:3:      lemuel_doored_altar, first_bread, serial_glass, glass_columns_b,
          glass_columns_a, glass_columns_a, glass_columns_a, glass_columns_a,
          due_unseen_surprise, item_on_display_a, uniq_iyjb
D:4:      serial_shops, nicolae_shop_window_shopping

Skill      XL: |  1  2  3  4  5 |
---------------+----------------+-----
Spellcasting   | 3 |  3.3
Hexes          | 1 2 3 |  3.2
Stealth        | 2 3 |  3.8
Short Blades   | 1 |  1.0
Conjurations   | |  2.1
Translocations | |  3.2
Fire Magic     | |  1.0
Evocations     | |  1.0

Action                   |  1- 3 |  4- 6 || total
-------------------------+-------+-------++-------
Melee: Dagger            |   110 |    30 ||   140
Throw: Throwing net      |     1 |       ||     1
 Cast: Magic Dart        |    46 |    13 ||    59
       Ensorcelled Hiber |    21 |    18 ||    39
  Use: Potion            |     2 |       ||     2
 Stab: Sleeping          |    17 |    12 ||    29
  Eat: Chunk             |     6 |     5 ||    11
Armor: Robe              |    23 |     5 ||    28
Dodge: Dodged            |   103 |    27 ||   130
